 Dungeon Crawl Stone Soup version 0.27-a0-1219-g958d993ae5 (webtiles) character file.

Game seed: 4540821363659852176

94260 tilp the Convoker (level 16, 0/124 (136) HPs)
             Began as a Barachi Summoner on June 6, 2021.
             Was a High Priest of Ru.
             Killed from afar by a shock serpent (18 damage)
             ... with a bolt of electricity
             ... on level 2 of the Snake Pit.
             The game lasted 01:16:49 (42333 turns).

tilp the Convoker (Barachi Summoner)               Turns: 42333, Time: 01:16:50

HP:   0/124 (136)   AC: 25    Str: 17    XL:     16   Next: 11%
MP:   11/30         EV: 13    Int: 16    God:    Ru [*****.]
Gold: 641           SH:  0    Dex: 12    Spells: 6/35 levels left

rFire    + . .     SeeInvis .   a - +3 lajatang (elec)
rCold    . . .     Faith    .   (shield currently unavailable)
rNeg     . . .     Spirit   .   s - +2 scale mail {rPois}
rPois    +         Reflect  .   F - +2 helmet
rElec    .         Harm     .   N - +2 cloak {Will+}
rCorr    .         Rampage  .   L - +2 pair of gloves {Stlth+}
Will     ++...                  f - +2 pair of boots
Stlth    ..........             I - amulet of Departure {rF+ Regen+}
HPRegen  1.30/turn              h - +4 ring of evasion
MPRegen  0.22/turn              w - +4 ring of protection

@: drained, slow
A: amphibious, screaming 1, slowness 1, no stealth, inability to use devices,
inability to train dodging, strong legs 2, +LOS
a: Hop, Renounce Religion, Draw Out Power, Power Leap, Apocalypse


You were on level 2 of the Snake Pit.
You worshipped Ru.
Ru was extremely pleased with you.
You visited 5 branches of the dungeon, and saw 26 of its levels.

You collected 2671 gold pieces.
You spent 2030 gold pieces at shops.

Inventory:

Hand Weapons
 a - a +3 lajatang of electrocution (weapon)
 b - the +8 halberd "Nag Mewk" {protect, rF+ rC+ Int-4}
   (You found it on level 5 of the Lair of Beasts)

   It grants its wielder temporary protection when it strikes (+7 to AC).
   It affects your intelligence (-4).
   It protects you from fire.
   It protects you from cold.
 C - a +4 scimitar of flaming
Missiles
 d - 8 datura-tipped darts
 e - 19 curare-tipped darts {!f}
 k - 79 poisoned darts (quivered)
 J - 2 throwing nets
Armour
 f - a +2 pair of boots (worn)
 s - a +2 scale mail of poison resistance (worn)
 v - a +3 ring mail of fire resistance
 y - the +1 robe of the Six of Cups {+Inv rPois}
   (You found it on level 7 of the Dungeon)

   It protects you from poison.
   It lets you turn invisible.
 F - a +2 helmet (worn)
 L - a +2 pair of gloves of stealth (worn)
 N - a +2 cloak of willpower (worn)
 R - +0 fire dragon scales
Jewellery
 g - a ring of poison resistance
 h - a +4 ring of evasion (left hand)
 w - a +4 ring of protection (right hand)
 A - a ring of ice
 B - a +6 ring of strength
 D - a ring of protection from fire
 I - the amulet of Departure (around neck) {rF+ Regen+}
   (You found it on level 1 of the Lair of Beasts)

   [amulet of regeneration]

   It protects you from fire.
   It increases your rate of health regeneration.
 K - a +4 ring of protection
 Q - a ring of flight
Scrolls
 c - 2 scrolls of amnesia
 j - 5 scrolls of enchant armour
 m - 3 scrolls of magic mapping
 r - 6 scrolls of teleportation
 t - 2 scrolls of fear
 z - a scroll of blinking
 G - a scroll of torment
 O - a scroll of fog
 S - a scroll of vulnerability
 T - 2 scrolls of immolation
Potions
 i - 5 potions of ambrosia
 l - 4 potions of heal wounds
 n - 3 potions of attraction
 o - 7 potions of brilliance
 p - 2 potions of haste
 q - 2 potions of might
 u - 6 potions of flight
 x - 6 potions of curing
 E - 3 potions of lignification
 H - a potion of invisibility
 M - 3 potions of mutation


   Skills:
 - Level 15.0 Fighting
 - Level 2.9(9.0) Polearms
 - Level 13.8(14.0) Staves
 - Level 4.0 Armour
 - Level 10.0 Spellcasting
 + Level 16.3 Summonings
 + Level 6.8 Translocations
 - Level 4.0 Ice Magic
 - Level 4.0 Air Magic


You had 6 spell levels left.
You knew the following spells:

 Your Spells              Type           Power      Damage    Failure   Level
a - Summon Mana Viper     Hex/Summ       34%        N/A       28%         5
c - Call Canine Familiar  Summ           57%        N/A       1%          3
d - Summon Guardian Gole  Hex/Summ       34%        N/A       3%          3
e - Summon Ice Beast      Ice/Summ       40%        N/A       4%          4
f - Summon Lightning Spi  Summ/Air       40%        N/A       4%          4
g - Shadow Creatures      Summ           N/A        N/A       5%          6
h - Apportation           Tloc           58%        N/A       1%          1
i - Lesser Beckoning      Tloc           14%        N/A       5%          3

Your spell library contained the following spells:

 Spells                   Type           Power      Damage    Failure   Level
 Summon Small Mammal      Summ           100%       N/A       1%          1
 Call Imp                 Summ           57%        N/A       1%          2
 Gell's Gravitas          Tloc           14%        N/A       5%          3
 Summon Forest            Summ/Tloc      22%        N/A       7%          5
 Passage of Golubria      Tloc           N/A        N/A       17%         4
 Ensorcelled Hibernation  Hex/Ice        28%        N/A       19%         2
 Portal Projectile        Hex/Tloc       36%        N/A       22%         3
 Beastly Appendage        Tmut           16%        N/A       28%         1
 Corona                   Hex            8%         N/A       28%         1
 Sandblast                Erth           16%        2d6       28%         1
 Passwall                 Tmut/Erth      6%         N/A       41%         2
 Wereblood                Tmut           8%         N/A       41%         2
 Manifold Assault         Tloc           29%        N/A       43%         5
 Confusing Touch          Hex            8%         N/A       65%         3
 Dazzling Flash           Conj/Hex       16%        N/A       65%         3
 Ignite Poison            Fire/Tmut/Pois 8%         N/A       65%         3
 Spider Form              Tmut/Pois      4%         N/A       65%         3
 Stone Arrow              Conj/Erth      16%        3d8       65%         3
 Tukima's Dance           Hex            8%         N/A       65%         3
 Ice Form                 Ice/Tmut       14%        N/A       77%         4
 Dispersal                Tloc           14%        N/A       95%         6
 Petrify                  Tmut/Erth      8%         N/A       96%         4
 Metabolic Englaciation   Hex/Ice        7%         N/A       98%         5
 Alistair's Intoxication  Tmut/Pois      5%         N/A       100%        5
 Fireball                 Conj/Fire      4%         3d4       100%        5
 Hydra Form               Tmut           4%         N/A       100%        5
 Lee's Rapid Deconstruct  Erth           4%         3d6*      100%        5
 Yara's Violent Unravell  Hex/Tmut       4%         3d4       100%        5
 Invisibility             Hex            4%         N/A       100%        6
 Starburst                Conj/Fire      4%         8x6d3     100%        6
 Statue Form              Tmut/Erth      5%         N/A       100%        6
 Summon Hydra             Summ           28%        N/A       30%         7
 Dragon Form              Tmut           4%         N/A       100%        7
 Disjunction              Tloc           14%        N/A       100%        8
 Ignition                 Fire           4%         3d4       100%        8


Dungeon Overview and Level Annotations

Branches:
Dungeon (15/15)            Temple (1/1) D:5            Lair (6/6) D:11
 Shoals (0/4) Lair:4        Snake (2/4) Lair:3        Slime (0/5) Lair:5
    Orc (2/2) D:11            Elf (0/3) Orc:2        Vaults (0/5) D:13
 Depths (0/5) D:15

Altars:
Ashenzari
Cheibriados
Dithmenos
Elyvilon
Fedhas
Gozag
Hepliaklqana
Kikubaaqudgha
Makhleb
Nemelex Xobeh
Okawaru
Qazlal
Ru
Sif Muna
Trog
Uskayaw
Vehumet
Wu Jian
Xom
Yredelemnul
Zin
The Shining One
Jiyva

Shops:
D:5 :   D:10 ((*   D:13 [   Orc:1 *(   Orc:2 ?:[:   Snake:1 (:[

Portals:
Ice
Cave: Snake:2

Annotations:
Lair:6 1 runed translucent door, 2 exclusions


Innate Abilities, Weirdness & Mutations

You are amphibious.
You occasionally shout uncontrollably at your foes.
You cover ground slowly.
You cannot be stealthy.
You cannot study or use magical devices.
You cannot train Dodging skill.
You can hop long distances.
You have an extended range of vision and can be seen from far away.


Message History

Your black mamba dies!
Your black mamba's corpse dissolves into shadows!
The bolt of electricity hits the shock serpent.
The shock serpent completely resists.
You feel much better.
You feel less exhausted.
You feel sick.
You are no longer poisoned.
The shock serpent shoots out a bolt of lightning at your lightning spire!
The bolt of electricity hits you!
* * * LOW HITPOINT WARNING * * *
The bolt of electricity hits your lightning spire.
Your lightning spire completely resists.
You focus your inner power and blind the shock serpent in retribution!
You redirect the shock serpent's attack!
You slash the shock serpent!
You kill the shock serpent!
The shock serpent shoots out a bolt of lightning at you!
The bolt of electricity hits you.
* * * LOW HITPOINT WARNING * * *
Unknown command.
Okay, then.
You slice the shock serpent!!
The shock serpent is severely wounded.
The shock serpent's electric aura discharges, shocking you!
* * * LOW HITPOINT WARNING * * *
The shock serpent barely misses you.
A black mamba comes into view.
Unknown command.
You miss the shock serpent.
The shock serpent is severely wounded.
The shock serpent bites you but does no damage.
Unknown command.
You slash the shock serpent!
The shock serpent is severely wounded.
The shock serpent's electric aura discharges, shocking you!
* * * LOW HITPOINT WARNING * * *
The shock serpent shoots out a bolt of lightning at you!
The bolt of electricity hits you!!
You die...

*.,**,#...####..#######♣..,,,* *,
*#..###....#....#...,* *,.∩,** *,
,#....)....##...#.#,,# *,,,** *,
,#..........#.....#,.# **********
,##.........#...#,*#$### ***,*,*
,,###...........###....#***,,,*,*
,,,,#......>.....#....#*,,*,,,*,,
,,,,#.....S...#S..8...#,,,*,,,,,*
,,,.........##)†@#...,**,,**,,*,*
,,..###.....##∩##......#,,,*,,*,,
,...*,###..#...#*.^....#**,*,,*,*
,..,*,,,#.....#.,.....##,,,****,*
,,***,,,##....,.,#.##...,,,,,,,,*
*** *,,,...##.,..,..,,###******,,
**,.#..,##*S#*...**..,,,,,**,
*,,#.,,,,,..*.#.*8,#*,**,8*,
*,,#,,,,**.S**#.#,,**,**,,*,


You could see a shock serpent (ally target), a black mamba and a friendly
lightning spire (summoned).

Vanquished Creatures
  Roxanne (D:14)
  The ghost of Armakuni the Demon Slayer, an adept HuWn of the Shining One (Orc:2)
  A minotaur (Orc:2)
  2 fire dragons (D:15)
  2 boulder beetles
  A hydra (Lair:2)
  3 centaur warriors
  2 ogre magi (Orc:2)
  3 naga warriors
  2 dancing weapons (D:13)
  A death knight (D:12)
  9 two-headed ogres
  2 tengu warriors (D:15)
  3 naga sharpshooters (Snake:1)
  2 shock serpents
  A spectral death yak (Lair:1)
  2 deep trolls (Orc:2)
  A wizard (D:14)
  Pikel (D:5)
  An orc sorcerer (Orc:2)
  2 orc knights
  3 deep elf pyromancers
  9 mana vipers
  5 slime creatures
  An oklob plant (D:11)
  2 ugly things (D:15)
  6 cyclopes
  4 salamanders (Snake:1)
  3 elephants (Lair:4)
  2 manticores (D:13)
  4 naga magi
  7 black mambas
  2 guardian serpents
  Maggie (D:7)
  10 cane toads
  2 unseen horrors
  A torpor snail (Lair:6)
  2 rime drakes
  2 freezing wraiths
  A tengu conjurer (D:13)
  2 efreet (D:14)
  5 komodo dragons
  8 trolls
  6 meliai (D:13)
  2 polar bears
  8 nameless horrors
  Prince Ribbit (D:5)
  9 blink frogs
  A spectral black mamba (Lair:1)
  3 shadows
  4 wraiths
  38 yaks
  A spectral fire crab (Lair:1)
  3 wyverns
  Eustachio (D:6)
  2 basilisks
  2 vampire mosquitoes (Lair:3)
  2 acid dragons (D:9)
  11 nagas
  11 water moccasins
  2 hydra simulacra (Lair:1)
  14 orc warriors
  2 black bears
  A sky beast (D:7)
  A necrophage (D:5)
  A black mamba simulacrum (Lair:1)
  18 ogres
  11 centaurs
  A wolf (Lair:2)
  A phantom (D:5)
  A lemure (D:4)
  8 bullfrogs
  2 gnoll sergeants
  A wyvern zombie (D:8)
  A water moccasin zombie (D:6)
  2 scorpions
  3 wyvern skeletons
  2 water moccasin skeletons
  17 killer bees
  5 wights (D:10)
  2 electric eels
  A centaur zombie (D:6)
  2 jellies
  A bullfrog zombie (D:6)
  3 centaur skeletons
  8 orc priests
  3 hounds
  A bullfrog skeleton (D:7)
  A gnoll shaman (D:10)
  3 iguanas
  7 orc wizards
  4 howler monkey zombies
  12 gnolls
  An adder (D:4)
  A shadow imp (D:5)
  2 white imps
  2 ufetubi
  An adder skeleton (D:4)
  A dart slug (D:3)
  34 orcs
  3 ball pythons (D:4)
  2 endoplasms
  3 giant cockroaches
  2 goblins
  A hobgoblin (D:3)
  2 quokkas
  3 frilled lizards (D:1)
  7 rats
437 creatures vanquished.

Vanquished Creatures (collateral kills)
  An orc warlord (Orc:1)
  The ghost of polve the Blocker, a journeyman DsAK of Lugonu (Lair:3)
  Snorg (Lair:6)
  The ghost of surr the Envoy of Void, a journeyman DjCK of Lugonu (Orc:1)
  The ghost of Bononn the Thaumaturge, a journeyman DjFE of Makhleb (Lair:1)
  A boulder beetle (Lair:4)
  4 hydras
  2 naga warriors (Snake:1)
  A two-headed ogre (Orc:2)
  A shock serpent (Snake:1)
  A naga sharpshooter (Snake:1)
  Sonja (Lair:6)
  A deep elf pyromancer (D:13)
  A mana viper (Snake:1)
  2 oklob plants
  3 ugly things (D:15)
  2 slime creatures (D:15)
  2 cyclopes
  A naga mage (Snake:1)
  3 black mambas
  A cane toad (Lair:4)
  A rime drake (Lair:4)
  2 kobold demonologists (D:11)
  3 komodo dragons
  A queen bee (D:13)
  2 wyverns
  2 basilisks
  19 yaks
  2 wargs (D:11)
  6 nagas
  4 water moccasins
  A necrophage (D:4)
  3 orc warriors
  A black mamba simulacrum (Lair:1)
  4 ogres
  2 wolves (Lair:2)
  A centaur (D:13)
  A phantom (D:4)
  A lemure (D:5)
  6 bullfrogs
  A wyvern zombie (D:6)
  A gnoll sergeant (D:12)
  5 killer bees (D:13)
  3 orc priests
  A centaur skeleton (D:6)
  A jelly (D:5)
  Terence (D:3)
  4 orc wizards
  An iguana (D:4)
  7 adders
  9 gnolls
  An ufetubus (D:5)
  4 worms
  22 orcs
  2 endoplasms
  3 giant cockroaches
  A goblin (D:1)
  A hobgoblin (D:3)
  5 kobolds
  3 ball pythons
  A bat (D:2)
  A quokka skeleton (D:4)
  A rat (D:1)
173 creatures vanquished.

Vanquished Creatures (others)
  Rupert (Lair:3)
  A two-headed ogre (Orc:2)
  A troll (D:9)
  A water moccasin (Lair:6)
  A centaur (D:6)
  A bush (Lair:6)
  29 fungi
  24 plants
59 creatures vanquished.

Grand Total: 669 creatures vanquished

Notes
Turn   | Place    | Note
-------+----------+-------------------------------------------
     0 | D:1      | tilp the Barachi Summoner began the quest for the Orb.
     0 | D:1      | Reached XP level 1. HP: 13/13 MP: 3/3
   151 | D:1      | Reached skill level 1 in Fighting
   244 | D:1      | Reached XP level 2. HP: 19/22 MP: 5/5
   247 | D:1      | Learned a level 2 spell: Call Imp
   516 | D:1      | Found a faded altar of an unknown god.
  1028 | D:2      | Reached skill level 5 in Summonings
  1469 | D:2      | Reached XP level 3. HP: 27/27 MP: 7/7
  1473 | D:2      | Learned a level 3 spell: Call Canine Familiar
  3101 | D:3      | Reached XP level 4. HP: 29/33 MP: 3/8
  3435 | D:3      | Noticed Terence
  3454 | D:3      | Killed Terence
  3455 | D:3      | Reached skill level 6 in Summonings
  3799 | D:4      | Noticed an ogre
  3956 | D:4      | Reached XP level 5. HP: 39/39 MP: 9/9
  3970 | D:4      | Noticed a phantom
  3980 | D:3      | Learned a level 3 spell: Summon Guardian Golem
  4147 | D:4      | Killed a phantom
  4598 | D:4      | Noticed an orc warrior
  4742 | D:4      | Reached XP level 6. HP: 40/47 MP: 3/10
  4895 | D:4      | Killed an orc warrior
  5512 | D:4      | Identified a scroll of acquirement
  5512 | D:4      | Acquired a +0 lajatang of electrocution
  5559 | D:5      | Entered Level 5 of the Dungeon
  5559 | D:5      | Noticed Prince Ribbit
  5646 | D:5      | Reached XP level 7. HP: 20/54 MP: 4/11
  6096 | D:5      | Found a staircase to the Ecumenical Temple.
  6105 | Temple   | Entered the Ecumenical Temple
  6392 | Temple   | Became a worshipper of Ru the Awakened
  6746 | D:5      | Killed Prince Ribbit
  6747 | D:5      | Reached XP level 8. HP: 50/60 MP: 6/14
  6982 | D:5      | Found Tapney's Book Boutique.
  6989 | D:5      | Noticed Pikel
  6996 | D:5      | Reached skill level 7 in Summonings
  7638 | D:5      | Killed Pikel
  7639 | D:5      | Reached skill level 8 in Summonings
  7639 | D:5      | Reached skill level 5 in Fighting
  8124 | D:6      | Reached skill level 5 in Staves
  8124 | D:6      | Reached XP level 9. HP: 42/69 MP: 11/15
  8337 | D:6      | Noticed Eustachio
 10145 | D:6      | Killed Eustachio
 10164 | D:6      | Learned a level 4 spell: Summon Ice Beast
 10380 | D:7      | Identified the +1 robe of the Six of Cups {+Inv rPois}
 10668 | D:7      | Noticed Maggie
 10739 | D:7      | Found a snail-covered altar of Cheibriados.
 10809 | D:7      | Reached skill level 5 in Dodging
 11737 | D:7      | Killed Maggie
 11738 | D:7      | Reached XP level 10. HP: 58/83 MP: 7/16
 11937 | D:7      | Gained mutation: You cannot study or use magical devices.
                  | [Ru sacrifice]
 11937 | D:7      | Reached * piety under Ru
 11937 | D:7      | Reached ** piety under Ru
 13026 | D:9      | Learned a level 4 spell: Summon Lightning Spire
 13223 | D:9      | Noticed a two-headed ogre
 13234 | D:9      | Killed a two-headed ogre
 13235 | D:9      | Reached skill level 10 in Fighting
 13235 | D:9      | Reached skill level 1 in Ice Magic
 13235 | D:9      | Reached skill level 1 in Air Magic
 13560 | D:9      | HP: 3/85 [centaur/arrow (8)]
 14215 | D:9      | Reached skill level 9 in Summonings
 14604 | D:10     | Entered Level 10 of the Dungeon
 14642 | D:10     | Noticed a nameless horror
 14648 | D:10     | Killed a nameless horror
 15069 | D:10     | Reached skill level 10 in Summonings
 15118 | D:10     | Found Oratz's Weapon Boutique.
 15131 | D:10     | Found Jitokk's Antique Weapon Boutique.
 15235 | D:10     | Found Leuphoca's Assorted Antiques.
 15246 | D:10     | Bought a scroll of enchant weapon for 187 gold pieces
 15810 | D:11     | Reached XP level 11. HP: 82/90 MP: 9/18
 15815 | D:11     | Reached skill level 5 in Spellcasting
 15986 | D:11     | Noticed an oklob plant
 16010 | D:11     | Noticed an oklob plant
 16044 | D:11     | Found a staircase to the Lair.
 16364 | D:11     | Noticed a cyclops
 16892 | D:11     | Found a staircase to the Orcish Mines.
 17224 | D:11     | Noticed an orc knight
 17226 | D:11     | Noticed a nameless horror
 17233 | D:11     | Killed a nameless horror
 17389 | D:11     | Killed a cyclops
 17716 | D:11     | Killed an orc knight
 19112 | D:12     | Noticed a death knight
 19732 | D:12     | Noticed a six-headed hydra
 20322 | D:11     | Killed an oklob plant
 20394 | D:11     | Killed an oklob plant
 20516 | Lair:1   | Entered Level 1 of the Lair of Beasts
 21446 | Lair:1   | Found a runed translucent gate.
 21447 | Lair:1   | Found a runed translucent gate.
 21448 | Lair:1   | Found a runed translucent gate.
 21449 | Lair:1   | Noticed Bononn's ghost (journeyman DjFE)
 21450 | Lair:1   | Noticed a spectral death yak
 22357 | Lair:2   | Noticed a seven-headed hydra
 22371 | Lair:2   | Reached skill level 10 in Staves
 22371 | Lair:2   | Reached XP level 12. HP: 89/102 MP: 2/21
 22376 | Lair:2   | Killed a nine-headed hydra
 22922 | Lair:2   | Reached skill level 11 in Summonings
 22926 | Lair:2   | Gained mutation: You can hop long distances. [Barachi
                  | growth]
 22926 | Lair:2   | Reached XP level 13. HP: 105/108 MP: 18/22
 23610 | Lair:2   | Reached skill level 12 in Summonings
 24742 | Lair:3   | Found a transporter.
 24748 | Lair:3   | Found a transporter.
 24748 | Lair:3   | Noticed polve's ghost (journeyman DsAK)
 25164 | Lair:3   | Found a staircase to the Snake Pit.
 26461 | Lair:3   | Noticed Rupert
 26464 | Lair:3   | Paralysed by Rupert for 4 turns
 26470 | Lair:2   | Gained mutation: You occasionally shout uncontrollably at
                  | your foes. [Ru sacrifice]
 26659 | Lair:3   | Paralysed by Rupert for 6 turns
 26669 | Lair:3   | Killed Rupert
 27197 | Lair:4   | Found a staircase to the Shoals.
 28392 | Lair:5   | Identified the +8 halberd "Nag Mewk" {protect, rF+ rC+
                  | Int-4}
 28675 | Lair:5   | Found a viscous altar of Jiyva.
 28675 | Lair:5   | Found a staircase to the Slime Pits.
 28767 | Lair:5   | Gained mutation: You cannot train Dodging skill. [Ru
                  | sacrifice]
 28767 | Lair:5   | Reached *** piety under Ru
 28767 | Lair:5   | Reached **** piety under Ru
 29049 | Lair:5   | Identified the +1 dagger "Honucs" {freeze, rF+}
 29481 | Lair:6   | Entered Level 6 of the Lair of Beasts
 29528 | Lair:6   | Noticed Sonja
 29535 | Lair:6   | Noticed Snorg
 29867 | Lair:6   | Killed Snorg
 30050 | Lair:6   | Reached skill level 5 in Stealth
 30050 | Lair:6   | Reached XP level 14. HP: 115/115 MP: 15/23
 30098 | Lair:6   | Found a runed translucent door.
 31323 | Lair:6   | Killed Sonja
 31632 | Lair:1   | Killed Bononn's ghost
 31633 | Lair:1   | Reached skill level 13 in Summonings
 31881 | Lair:1   | Identified the amulet of Departure {rF+ Regen+}
 32565 | Orc:1    | Entered Level 1 of the Orcish Mines
 32635 | Orc:1    | Found Yman's Antique Weapon Emporium.
 32747 | Orc:2    | Entered Level 2 of the Orcish Mines
 32798 | Orc:2    | Gained mutation: You cannot be stealthy. [Ru sacrifice]
 32798 | Orc:2    | Reached ***** piety under Ru
 32835 | Orc:2    | Found a staircase to the Elven Halls.
 32967 | Orc:2    | Found a runed translucent gate.
 32967 | Orc:2    | Found a runed translucent gate.
 32967 | Orc:2    | Found a runed translucent gate.
 33001 | Orc:2    | Noticed Armakuni's ghost (adept HuWn)
 33042 | Orc:2    | Reached skill level 14 in Summonings
 33323 | Orc:2    | Found Tuuseit's Book Emporium.
 33588 | Orc:2    | Reached skill level 15 in Summonings
 33730 | Orc:2    | Found Emoisiu's Distillery.
 33746 | Orc:2    | Found Cuogeig's Armour Shop.
 33748 | Orc:2    | Found Qegrewia's Magic Scroll Shoppe.
 33759 | Orc:2    | Found Pofutwamy's Book Boutique.
 34168 | Orc:1    | Found a large runed translucent door.
 34169 | Orc:1    | Found a large runed translucent door.
 34174 | Orc:1    | Noticed surr's ghost (journeyman DjCK)
 34177 | Orc:1    | Found Yguqud's General Store.
 34191 | Orc:1    | Noticed an orc warlord
 34351 | Orc:1    | Killed an orc warlord
 34963 | Orc:2    | Bought a book of Summonings for 980 gold pieces
 34970 | Orc:2    | Learned a level 6 spell: Shadow Creatures
 34972 | Orc:2    | Learned a level 1 spell: Apportation
 34976 | Orc:2    | Learned a level 3 spell: Lesser Beckoning
 35123 | Orc:2    | Bought a scroll of enchant weapon for 120 gold pieces
 35123 | Orc:2    | Bought a scroll of enchant weapon for 120 gold pieces
 35131 | Orc:2    | Bought a +2 pair of gloves of stealth for 301 gold pieces
 35345 | Lair:3   | Killed polve's ghost
 35767 | D:13     | Found a gate to the Vaults.
 35916 | D:13     | Found Wyil Heygio's Antique Armour Emporium.
 35950 | D:13     | Reached XP level 15. HP: 117/125 MP: 17/27
 36008 | D:13     | Bought a glowing cloak for 142 gold pieces
 36008 | D:13     | Bought a pair of bloodstained gloves for 180 gold pieces
 36008 | D:13     | Identified the +1 pair of gloves "Bylec" {-Cast Str-4
                  | Dex+10} (You bought it in a shop on level 13 of the
                  | Dungeon)
 36904 | D:14     | Identified Roxanne's Guide on Transmutation
 36904 | D:14     | Noticed Roxanne
 36912 | D:14     | Reached skill level 15 in Fighting
 36984 | D:14     | Reached skill level 1 in Translocations
 37479 | D:14     | Killed Roxanne
 37655 | D:15     | Entered Level 15 of the Dungeon
 38563 | D:15     | Found a staircase to the Depths.
 38983 | Orc:1    | Killed surr's ghost
 39187 | Orc:2    | Killed Armakuni's ghost
 39466 | Snake:1  | Entered Level 1 of the Snake Pit
 39602 | Snake:1  | Reached skill level 5 in Translocations
 40724 | Lair:3   | Reached skill level 16 in Summonings
 41440 | Snake:1  | Found Ning's Antique Weapon Shop.
 41443 | Snake:1  | Found Coim Xie's Book Boutique.
 41449 | Snake:1  | Found Nuucixko's Armour Shop.
 41585 | Snake:1  | Reached XP level 16. HP: 136/136 MP: 25/29
 42238 | Snake:1  | Learned a level 5 spell: Summon Mana Viper
 42268 | Snake:2  | Reached skill level 10 in Spellcasting
 42290 | Snake:2  | Found a frozen archway.
 42333 | Snake:2  | Killed from afar by a shock serpent

Illustrated notes

Levels and vault maps discovered:
D:1:      dpeg_arrival_another_circle, layout_basic, basic_ecumenical_altar,
          ebering_dispersal_statue_hall
D:2:      layout_rooms
D:3:      layout_loops_cross, uniq_terence
D:4:      layout_cave_pools
D:5:      layout_loops_ring, minmay_temple_entry_mini_moons, serial_shops, shop,
          hex_tiny, uniq_prince_ribbit1, uniq_pikel
D:6:      layout_loops_ring, fountainhead, uniq_eustachio
D:7:      layout_rooms, kennysheep_mini, kennysheep_generic_room_16, uniq_maggie
D:8:      layout_cave_pools
D:9:      layout_basic
D:10:     layout_grid_maze, serial_shops, nicolae_shop_overgrown_old_shop,
          nicolae_shop_overgrown_old_shop, nicolae_shop_behind_doors,
          minivault_11
D:11:     layout_grid_maze, dpeg_oklobed_lair, hiddenorc1_lemuel
D:12:     layout_gridville
D:13:     layout_rooms, erik_vaults_1, serial_shops, nicolae_shop_stone,
          special_room [special_room_bee], kennysheep_doodads
D:14:     layout_rooms, dk_noncrumbling_2, uniq_roxanne
D:15:     grunt_enter_depths_hoard, layout_irregular_city, minmay_crystal_room,
          corexii_hall_statues_i
Temple:   regret_index_temple_sigil_plot
Lair:1:   layout_loops_ring, gammafunk_ghost_necromancy,
          cheibrodos_lair_caveside_slide
Lair:2:   layout_layer_cave, special_room, minmay_lair_oklob_bushes,
          chequers_serial_rivers_room_b
Lair:3:   layout_gridlike, minmay_snake_entry_guardpost_small,
          gammafunk_ghost_arena, pond, uniq_rupert
Lair:4:   layout_regular_city, elwin_shoals_entry_rocks, grunt_megastairs_1,
          lemuel_fruit_fields, infiniplex_staircase_pool_2
Lair:5:   layout_small_grid, dpeg_slime_entry_enclosed_altar, lemuel_fruit_tree
Lair:6:   wormcave, layout_gridlike, uniq_sonja, uniq_snorg
Snake:1:  layout_honeycomb, nicolae_snake_mages_go_home, minmay_shop_star,
          serial_bayou_shore_b
Snake:2:  gammafunk_sealed_arena, layout_honeycomb, serial_shops, shop,
          portal_ice_cave_entry_pillars_three, grunt_ministairs_15,
          minmay_shop_grove
Orc:1:    layout_caves, serial_shops, nicolae_shop_waterfront,
          nicolae_shop_window_shopping, ebering_ghost_disaster_area
Orc:2:    st_orc_open, layout_diamond_mine, serial_shops, shop,
          maelrawn_ghost_gauntlet_escape

Skill      XL: |  1  2  3  4  5  6  7  8  9 10 11 12 13 14 15 16 |
---------------+-------------------------------------------------+-----
Fighting       | 1 2 3 4 6 9 10 12 13 15 | 15.0
Summonings     | 5 6 8 10 11 12 15 16 | 16.3
Spellcasting   | 3 4 6 8 9 10 | 10.0
Stealth        | 2 3 4 5 0 |  0.0
Dodging        | 3 4 5 6 9 0 |  0.0
Staves         | 4 5 7 10 13 | 13.8
Polearms       | 2 |  2.9
Ice Magic      | 4 |  4.0
Air Magic      | 3 4 |  4.0
Armour         | 4 |  4.0
Translocations | 6 |  6.8

Action                   |  1- 3 |  4- 6 |  7- 9 | 10-12 | 13-15 | 16-18 || total
-------------------------+-------+-------+-------+-------+-------+-------++-------
Melee: Dagger            |   107 |   128 |       |       |       |       ||   235
       Lajatang          |       |    25 |   222 |   357 |  1012 |    38 ||  1654
Throw: Dart              |       |     3 |     4 |     8 |     3 |       ||    18
       Throwing net      |       |       |       |       |     1 |       ||     1
 Cast: Summon Small Mamm |    32 |       |       |       |       |       ||    32
       Call Imp          |    24 |    30 |    23 |    13 |       |       ||    90
       Summon Guardian G |       |     2 |     2 |       |       |       ||     4
       Call Canine Famil |       |     5 |    29 |    10 |       |       ||    44
       Summon Ice Beast  |       |       |       |    66 |   154 |     1 ||   221
       Summon Lightning  |       |       |       |    22 |    56 |     3 ||    81
       Shadow Creatures  |       |       |       |       |    21 |     3 ||    24
Invok: Reject Sacrifices |       |       |       |     1 |     1 |       ||     2
       Sacrifice Artific |       |       |       |     1 |       |       ||     1
       Power Leap        |       |       |       |       |     3 |       ||     3
       Sacrifice Purity  |       |       |       |       |     1 |       ||     1
       Sacrifice Nimblen |       |       |       |       |     1 |       ||     1
       Apocalypse        |       |       |       |       |     3 |     1 ||     4
       Sacrifice Stealth |       |       |       |       |     1 |       ||     1
       Draw Out Power    |       |       |       |       |     1 |     1 ||     2
 Abil: Hop               |     1 |     1 |     2 |     6 |     6 |       ||    16
Evoke: Wand              |       |       |     3 |       |       |       ||     3
  Use: Scroll            |     3 |     6 |     5 |     9 |    13 |     3 ||    39
       Potion            |       |       |     2 |     6 |     3 |     2 ||    13
 Stab: Distracted        |       |       |     4 |     7 |    22 |     1 ||    34
       Sleeping          |       |       |     1 |     1 |     2 |       ||     4
       Paralysed         |       |       |     1 |       |     5 |       ||     6
       Invisible         |       |       |       |       |    10 |       ||    10
Armor: Robe              |     6 |       |       |       |       |       ||     6
       Ring mail         |    40 |    52 |    60 |       |    52 |       ||   204
       Leather armour    |       |       |    16 |    11 |       |       ||    27
       Swamp dragon scal |       |       |       |   105 |   156 |       ||   261
       Scale mail        |       |       |       |       |   119 |    23 ||   142
Dodge: Dodged            |    63 |   117 |   192 |   349 |   572 |    27 ||  1320

Table legend: (Time is in decaauts)
 A = Elapsed time spent in this place.
 B = Non-inter-level travel time spent in this place.
 C = Inter-level travel time spent in this place.
 D = Time resting spent in this place.
 E = Time spent auto-exploring this place.
 F = Levels seen in this place.
 G = Mean time per level.
                   A        B        C        D        E       F      G
               +--------+--------+--------+--------+--------+-----+--------+
         Total |  45673 |  42681 |   2992 |  13240 |  23892 |  26 | 1756.7 |
       Dungeon |  26092 |  24580 |   1512 |   7916 |  13509 |  15 | 1739.5 |
        Temple |    367 |    319 |     48 |      0 |    316 |   1 |  367.0 |
          Lair |  14105 |  13124 |    981 |   4175 |   7461 |   6 | 2350.8 |
     Snake Pit |   1896 |   1772 |    124 |    502 |    959 |   2 |  948.0 |
  Orcish Mines |   3211 |   2885 |    326 |    646 |   1646 |   2 | 1605.5 |
               +--------+--------+--------+--------+--------+-----+--------+

Top non-repeatable levels by time:
  Lair:3: 3563 daAuts
    D:11: 3520 daAuts
  Lair:2: 2894 daAuts
     D:6: 2558 daAuts
  Lair:1: 2437 daAuts
     D:4: 2202 daAuts
    D:10: 2003 daAuts
   Orc:2: 1988 daAuts
  Lair:5: 1973 daAuts
     D:2: 1877 daAuts
 Snake:1: 1829 daAuts
     D:7: 1806 daAuts
    D:12: 1726 daAuts
     D:3: 1657 daAuts
  Lair:4: 1623 daAuts
